 Dungeon Crawl Stone Soup version 0.28.0-47-ge53b351184 (webtiles) character file.

Game seed: 18155963381458094175

39 seaoflcl the Slasher (level 3, -3/29 HPs)
             Began as a Human Fighter on May 2, 2022.
             Slain by a gnoll
             ... wielding a +0 spear
              (5 damage)
             ... on level 3 of the Dungeon.
             The game lasted 00:01:32 (1871 turns).

seaoflcl the Slasher (Human Fighter)                Turns: 1871, Time: 00:01:32

Health: -3/29      AC:  6    Str: 18    XL:     3   Next: 70%
Magic:  3/3        EV:  9    Int:  8    God:
Gold:   70         SH:  4    Dex: 12    Spells: 2/2 levels left

rFire   . . .      SeeInvis .   a - +0 long sword
rCold   . . .      Faith    .   c - +0 buckler
rNeg    . . .      Spirit   .   b - +0 scale mail
rPois   .          Reflect  .   (no helmet)
rElec   .          Harm     .   (no cloak)
rCorr   .          Rampage  .   (no gloves)
Will    .....                   (no boots)
Stlth   ..........              (no amulet)
HPRegen 0.09/turn               (no ring)
MPRegen 0.08/turn               (no ring)

@: mighty
A: no striking features
a: no special abilities


You were on level 3 of the Dungeon.
You visited 1 branch of the dungeon, and saw 3 of its levels.

You collected 70 gold pieces.

Inventory:

Hand Weapons
 a - a +0 long sword (weapon)
Armour
 b - a +0 scale mail (worn)
 c - a +0 buckler (worn)
Wands
 f - a wand of acid (11)
Scrolls
 e - a scroll of noise {unknown}
Potions
 g - a potion of invisibility {unknown}
 h - a potion of heal wounds {unknown}


   Skills:
 - Level 3.1 Fighting
 + Level 3.2 Long Blades
 - Level 3.1 Armour
 - Level 3.1 Shields


You had 2 spell levels left.
You didn't know any spells.
Your spell library contained the following spells:

 Spells                   Type           Power      Damage    Failure   Level
 Animate Skeleton         Necr           0%         N/A       87%         1
 Apportation              Tloc           0%         N/A       87%         1
 Pain                     Necr           0%         1d4       87%         1
 Summon Small Mammal      Summ           0%         N/A       87%         1
 Vampiric Draining        Necr           0%         2d6       99%         3


Dungeon Overview and Level Annotations

Branches:
Dungeon (3/15)

Altars:

Annotations:
D:3 3 runed translucent doors, NinjaNoafa's ghost, amateur GnWn


Message History

Found 25 sling bullets.
Found a stone staircase leading up.
You now have 70 gold pieces (gained 6).
You open the door. 2 gnolls come into view.
The gnoll shouts! x2; You hear a shout!
A gnoll comes into view. It is wielding a +0 flail.
The gnoll moves out of view.
You hear a shout!
There are monsters nearby!
The gnoll hits you with a +0 halberd!
There is an open door, spattered with blood here.
You barely miss the gnoll. You block the gnoll's attack.
You barely miss the gnoll. The gnoll barely misses you.
You closely miss the gnoll. The gnoll barely misses you.
The gnoll hits you but does no damage.
You barely miss the gnoll. The gnoll hits you with a +0 halberd.
You are too injured to fight recklessly!
You are too injured to fight recklessly!
You slash the gnoll!
The gnoll is heavily wounded.
The gnoll barely misses you.
You hit the gnoll.
The gnoll is severely wounded.
The gnoll hits you with a +0 halberd. You block the gnoll's attack.
You hit the gnoll.
You kill the gnoll!
The gnoll hits you with a +0 flail.
You slash the gnoll!
The gnoll is severely wounded.
The gnoll hits you from afar with a +0 spear.
* * * LOW HITPOINT WARNING * * *
The gnoll hits you with a +0 flail.
* * * LOW HITPOINT WARNING * * *
You feel very mighty all of a sudden. You block the gnoll's attack.
The gnoll barely misses you.
You barely miss the gnoll.
The gnoll is severely wounded.
The gnoll hits you from afar with a +0 spear.
You die...

#........ .....#
+.....<.. ...(.#
#......# .....#
#......# .....#####
#......#
.....#...######......#
.....#.(.#......####.#
.....#...#......####.#
.....+...+......@gg..#
................######
.............####
########.....#
...Wo..#.....#
..J....#.....#
.....$.#..####
.....(.#..#
.......#..#


You could see 2 gnolls.

Vanquished Creatures
  A gnoll (D:3)
  A worm (D:2)
  2 dart slugs (D:1)
  2 ball pythons
  4 bats
  A giant cockroach (D:2)
  3 hobgoblins
  A jackal (D:1)
  A frilled lizard (D:1)
  2 goblins
  2 kobolds
  3 rats (D:2)
23 creatures vanquished.

Notes
Turn   | Place    | Note
-------+----------+-------------------------------------------
     0 | D:1      | seaoflcl the Human Fighter began the quest for the Orb.
     0 | D:1      | Reached XP level 1. HP: 18/18 MP: 1/1
    89 | D:1      | Reached XP level 2. HP: 18/24 MP: 2/2
   703 | D:1      | Found a faded altar of an unknown god.
  1000 | D:2      | Reached XP level 3. HP: 29/29 MP: 3/3
  1791 | D:3      | Found a runed translucent gate.
  1791 | D:3      | Found a runed translucent gate.
  1837 | D:3      | Noticed NinjaNoafa's ghost (amateur GnWn)
  1841 | D:3      | Found a runed translucent gate.
  1871 | D:3      | Slain by a gnoll

Illustrated notes

Levels and vault maps discovered:
D:1:      minmay_arrival_arboretum_small, layout_rooms,
          shapermc_ecumenical_altar_acropolis, st_stairs_11, chequers_avenue
D:2:      layout_basic
D:3:      layout_basic, mainiacjoe_overflow_tiny_flanked, gammafunk_ghost_split

Skill      XL: |  1  2  3 |
---------------+----------+-----
Long Blades    | 3 |  3.2
Fighting       | |  3.1
Armour         | |  3.1
Shields        | |  3.1

Action                   || total
-------------------------++-------
Melee: Long sword        ||    82
  Use: Potion            ||     1
Armor: Scale mail        ||    49
Dodge: Dodged            ||    34
Block: Buckler           ||    24
